Map: Ultralove

Players

Geralt (Gerald)

  • Race: Protoss Protoss
  • League: Master
  • Spawn Location: 1:00

Lambo - Winner!

  • Race: Zerg Zerg
  • Spawn Location: 7:00

Event: FEL Cracov 2025

VOD

Have the link to the VOD?

Description

Time

  • Played on: July 27, 2025, 10:28 a.m.
  • Length: 13:28

All games in this series

Show
View Real Time Build Order
Export as new Build Order

Geralt Protoss 

Build Orders: 1 Gate Expand, Oracle Opening 

Get SALT Encoding   

  12  0:00  Probe  
  13  0:12  Probe  
  14  0:19  Pylon  
  14  0:24  Probe  
  15  0:33  Probe  
  15  0:39  Gateway  
  15  0:41  Probe  
  16  0:49  Assimilator  
  17  0:52  Probe  
  18  1:04  Probe  
  19  1:16  Probe  
  20  1:25  Nexus  
  20  1:30  Probe  
  21  1:37  Cybernetics Core  
  21  1:42  Probe  
  21  1:46  Assimilator  
  22  1:52  Pylon  
  22  1:55  Probe  
  23  2:04  Adept  
  23  2:10  Probe  
  26  2:22  Stargate, Probe  
  27  2:24  Adept  
  27  2:34  Probe  
  23  2:37  Warp Gate  
  30  2:38  Probe  
  31  2:47  Probe  
  31  2:50  Probe  
  33  2:53  Adept  
  35  2:59  Probe  
  35  3:01  Oracle  
  35  3:02  Probe  
  37  3:11  Probe  
  41  3:15  Probe  
  42  3:23  Probe  
  42  3:26  Pylon  
  44  3:27  Probe  
  44  3:35  Nexus, Probe  
  44  3:39  Probe  
  46  3:44  Twilight Council  
  46  3:47  Probe  
  47  3:51  Probe  
  47  3:55  Oracle  
  51  3:59  Probe  
  52  4:03  Probe  
  53  4:11  Probe  
  54  4:17  Pylon  
  54  4:23  Assimilator  
  54  4:25  Blink, Pylon  
  54  4:31  Probe x2  
  54  4:34  Pylon  
  54  4:40  Stalker  
  54  4:43  Probe x2  
  58  4:48  Gateway  
  58  4:50  Gateway  
  58  4:51  Gateway  
  58  4:53  Probe  
  58  4:54  Gateway  
  58  4:55  Probe  
  60  5:00  Probe  
  60  5:05  Probe  
  60  5:07  Probe  
  60  5:09  Stalker, Pylon  
  60  5:11  Shield Battery  
  60  5:12  Probe  
  64  5:15  Gateway  
  64  5:17  Probe  
  64  5:18  Gateway  
  64  5:19  Pylon, Probe  
  66  5:24  Probe  
  66  5:27  Gateway  
  67  5:29  Probe  
  67  5:31  Gateway  
  67  5:32  Probe, Assimilator  
  69  5:36  Probe, Stalker  
  69  5:41  Probe  
  73  5:44  Probe  
  73  5:46  Pylon  
  73  5:48  Probe  
  75  5:50  Stalker x3  
  81  5:59  Stalker x2  
  81  6:03  Pylon  
  85  6:05  Gateway  
  85  6:16  Stalker x5  
  94  6:24  Pylon, Stalker  
  96  6:25  Pylon  
  96  6:32  Stalker x3  
  102  6:47  Stalker x3  
  102  6:48  Zealot x3  
  102  6:50  Probe  
  115  6:55  Stalker  
  115  6:58  Probe  
  118  7:04  Zealot x3  
  124  7:10  Zealot x2  
  124  7:11  Zealot x4  
  124  7:12  Charge, Probe  
  121  7:28  Stalker x4  
  125  7:44  Stalker  
  125  7:45  Stalker x4, Zealot  
  125  7:48  Pylon  
  137  8:01  Zealot x3  
  137  8:02  Zealot  
  128  8:13  Probe  
  128  8:19  Stalker x6  
  131  8:24  Nexus  
  131  8:26  Forge  
  131  8:29  Dark Shrine  
  131  8:34  Probe  
  131  8:35  Probe x2  
  134  8:42  Stalker x3  
  134  8:46  Probe  
  137  8:52  Probe  
  137  8:55  Zealot  
  140  8:58  Pylon  
  138  9:05  Probe  
  138  9:09  Zealot x5  
  139  9:17  Probe  
  139  9:18  Probe  
  139  9:30  Probe x2  
  131  9:33  Gateway  
  131  9:34  Gateway  
  131  9:40  Pylon  
  131  9:43  Zealot x2  
  133  9:46  Zealot x2  
  133  9:47  Dark Templar x3, Zealot x2  
  133  9:50  Probe  
  135  9:56  Oracle  
  131  10:01  Probe  
  131  10:02  Pylon  
  131  10:04  Assimilator  
  130  10:10  Stalker x3, Zealot  
  130  10:11  Zealot x2  
  130  10:12  Probe  
  143  10:15  Forge  
  143  10:23  Zealot x4  
  148  10:31  Zealot x2  
  148  10:32  Zealot x3  
  157  10:37  Stalker x3  
  160  10:43  Oracle  
  160  10:44  Zealot  
  160  10:45  Zealot x3  
  152  10:53  Zealot x4  
  152  10:54  Zealot  
  137  10:59  Probe  
  137  11:03  Stalker  
  137  11:04  Stalker x2  
  120  11:14  Stalker x3, Sentry  
  120  11:16  Probe x2  
  131  11:25  Probe x2  
  131  11:28  Probe  
  131  11:30  Shield Battery  
  131  11:31  Dark Templar x2, Zealot x3  
  143  11:38  Dark Templar x2  
  147  11:52  Zealot x2  
  147  11:53  Zealot x4  
  153  12:01  Stalker x2  
  135  12:08  Dark Templar x2  
  131  12:20  Stalker x7  
  143  12:29  Stalker x2  
  127  12:44  Stalker  
  127  12:45  Stalker x3, Zealot x2  
  127  12:46  Zealot x2  
  133  12:54  Zealot x3  
  90  13:08  Stalker x3  
  90  13:09  Stalker x2  
  90  13:10  Probe x2  
  96  13:13  Probe, Zealot x3  
  96  13:24  Stalker x3  
Show
View Real Time Build Order
Export as new Build Order

Lambo Zerg - Winner!

Build Orders: Hatch First 

Get SALT Encoding   

  12  0:00  Drone  
  13  0:08  Drone  
  14  0:14  Extractor  
  14  0:15  Drone  
  15  0:21  Overlord  
  15  0:39  Drone  
  16  0:45  Hatchery  
  16  0:49  Drone  
  16  0:52  Drone  
  16  0:56  Drone  
  18  1:06  Extractor  
  18  1:11  Spawning Pool  
  16  1:14  Drone  
  16  1:18  Drone  
  18  1:29  Drone  
  19  1:38  Drone  
  20  1:49  Drone  
  21  1:57  Queen  
  21  1:58  Queen  
  21  1:59  Zergling x2  
  21  2:00  Overlord  
  26  2:11  Metabolic Boost  
  26  2:12  Zergling x2  
  26  2:14  Drone  
  28  2:19  Drone  
  28  2:21  Drone  
  30  2:30  Drone  
  30  2:31  Drone  
  32  2:41  Hatchery  
  31  2:46  Queen  
  31  2:50  Overlord  
  33  2:53  Drone  
  33  2:56  Zergling x2  
  33  2:57  Zergling x2  
  36  3:06  Spore Crawler  
  36  3:09  Spore Crawler  
  36  3:12  Zergling x2  
  37  3:13  Overlord  
  37  3:14  Drone x4  
  41  3:21  Drone x2  
  43  3:28  Queen, Spore Crawler  
  43  3:34  Zergling x2  
  44  3:35  Drone x3  
  44  3:40  Queen  
  49  3:43  Drone  
  49  3:45  Drone  
  51  3:53  Overlord  
  51  3:55  Overlord  
  51  3:57  Overlord  
  51  4:02  Evolution Chamber  
  49  4:08  Drone x6  
  56  4:11  Drone  
  56  4:14  Overlord  
  56  4:19  Evolution Chamber  
  56  4:21  Spore Crawler  
  56  4:23  Drone  
  55  4:27  Drone x3  
  55  4:30  Zergling x4  
  58  4:32  Zergling x2  
  58  4:33  Drone  
  58  4:36  Drone  
  60  4:38  Drone  
  61  4:47  Drone x5  
  66  4:55  Drone  
  66  4:57  Zerg Melee Weapons Level 1  
  66  4:58  Drone x4  
  66  4:59  Queen  
  73  5:00  Drone  
  73  5:04  Drone  
  74  5:11  Extractor, Drone x4  
  74  5:12  Extractor, Drone, Roach Warren  
  74  5:18  Spore Crawler, Drone x4  
  77  5:22  Lair  
  77  5:24  Overlord  
  77  5:30  Zergling x4  
  77  5:35  Hatchery  
  78  5:38  Extractor  
  78  5:40  Zergling x12  
  83  5:45  Zergling x10  
  83  5:49  Overlord x2  
  87  5:51  Zergling x2  
  87  5:52  Zergling x2  
  89  5:58  Zergling x2  
  89  6:02  Zergling x4  
  92  6:05  Queen  
  92  6:10  Overlord  
  91  6:14  Zergling x12  
  96  6:19  Queen  
  96  6:20  Overlord  
  96  6:22  Roach x3  
  96  6:23  Overlord  
  104  6:26  Roach  
  104  6:29  Zergling x2  
  107  6:33  Roach  
  107  6:34  Glial Reconstitution  
  107  6:36  Roach  
  107  6:38  Roach  
  113  6:41  Overlord, Queen  
  113  6:42  Zergling x4  
  113  6:46  Ravager x4  
  119  6:49  Zergling x2  
  119  6:50  Zergling x16  
  119  6:52  Queen  
  130  6:54  Ravager  
  130  6:56  Zergling x2  
  130  6:59  Ravager x2  
  130  7:00  Zergling x4  
  127  7:09  Roach x6  
  127  7:14  Roach x2  
  137  7:17  Zergling x2  
  137  7:22  Zergling x14  
  130  7:28  Roach x3  
  135  7:30  Zergling x2  
  135  7:34  Zerg Missile Weapons Level 1  
  136  7:38  Zergling x8  
  136  7:44  Zergling x6  
  137  7:46  Zergling x2  
  138  7:52  Roach x3  
  138  7:53  Hatchery  
  143  8:04  Roach x2  
  144  8:08  Zergling x4  
  144  8:12  Zergling x8  
  141  8:15  Zergling x2  
  141  8:16  Zergling x12  
  141  8:20  Zergling x2  
  141  8:24  Roach  
  144  8:30  Overlord  
  144  8:33  Overlord  
  144  8:36  Pneumatized Carapace  
  144  8:39  Queen, Overlord  
  140  8:42  Roach x2  
  140  8:44  Roach x4  
  140  8:45  Roach x2  
  140  8:48  Roach  
  141  8:51  Roach  
  138  8:56  Roach x2  
  138  8:58  Roach x6  
  138  9:02  Roach  
  150  9:03  Queen x2  
  150  9:07  Roach x2  
  150  9:09  Zergling x4  
  156  9:13  Roach x2, Zergling x2  
  156  9:14  Zergling x4  
  158  9:18  Zergling x2  
  158  9:21  Zergling x4  
  161  9:28  Roach x5, Zergling x8  
  168  9:32  Overlord x2  
  163  9:39  Zergling x8  
  163  9:45  Roach x2  
  165  9:50  Roach x2  
  163  9:56  Roach x5  
  163  9:57  Overseer  
  163  9:58  Overseer  
  159  10:01  Zergling x8  
  159  10:06  Zergling x4  
  158  10:15  Roach  
  158  10:16  Roach  
  158  10:20  Roach x4  
  169  10:26  Roach x3  
  169  10:28  Zergling x4  
  176  10:31  Overseer  
  176  10:35  Roach x3, Overlord  
  179  10:37  Overlord  
  179  10:39  Zergling x4  
  179  10:42  Roach  
  178  10:45  Overseer x2  
  168  10:51  Zergling x2  
  168  10:52  Zergling x12  
  168  10:54  Roach  
  168  10:57  Zergling x4  
  157  10:58  Roach  
  157  11:01  Zergling x2  
  157  11:02  Zergling x2  
  150  11:07  Zergling x8  
  150  11:09  Overseer  
  147  11:11  Zergling x2  
  147  11:14  Zergling x2  
  141  11:22  Zergling x2  
  141  11:23  Zergling x10  
  144  11:33  Ravager  
  144  11:34  Ravager x2  
  144  11:35  Ravager  
  144  11:36  Zergling x10  
  144  11:37  Ravager  
  144  11:38  Ravager, Zergling x2  
  156  11:44  Zergling x6  
  156  11:49  Zergling x2  
  156  11:52  Overseer  
  162  11:54  Roach x6  
  162  12:00  Roach  
  162  12:01  Roach x2  
  160  12:03  Zergling x4  
  160  12:04  Zergling x2  
  160  12:06  Zergling x4  
  160  12:08  Overseer  
  165  12:13  Zergling x4  
  149  12:17  Zergling x6  
  145  12:23  Zergling x2  
  145  12:25  Zergling x4  
  145  12:26  Ravager  
  148  12:30  Zergling x2  
  148  12:31  Zergling x4  
  148  12:35  Zergling x2  
  148  12:36  Zergling x4  
  135  12:46  Zergling x8  
  135  12:48  Overseer  
  134  12:53  Zergling x6  
  134  12:58  Zergling x10  
  135  13:01  Overseer  
  135  13:02  Overseer  
Tags
 
Add a new tag
Caveats
  • Supply blocks, unpowered buildings, or Contaminate may cause inaccurate times.
  • Supply counts are checked every 10 seconds.